 Dungeon Crawl Stone Soup version 0.19.1 (webtiles) character file.

833 XO4YCPATb the Cruncher (level 7, 0/50 HPs)
             Began as a Demonspawn Gladiator on Dec 11, 2016.
             Slain by a sky beast (5 damage)
             ... on level 4 of the Dungeon.
             The game lasted 00:08:12 (4414 turns).

XO4YCPATb the Cruncher (Demonspawn Gladiator)       Turns: 4414, Time: 00:08:13

Health: 0/50       AC:  7    Str: 15    XL:     7   Next: 65%
Magic:  7/7        EV: 11    Int: 11    God:
Gold:   45         SH:  0    Dex: 14    Spells: 0 memorised, 6 levels left

rFire  + . .     SeeInvis .     a - +0 quarterstaff
rCold  . . .     Gourm    .     b - +0 scale mail
rNeg   . . .     Faith    .     (shield currently unavailable)
rPois  .         Spirit   .     (helmet restricted)
rElec  .         Reflect  .     x - +0 cloak
rCorr  +         Harm     .     (no gloves)
MR     .....                    (no boots)
Stlth  +.........               (no amulet)
                                i - ring of flight
                                s - ring of resist corrosion

@: no status effects
A: antennae 2, fire resistance 1, nightstalker 1, sturdy frame 2
a: Evoke Flight


You were on level 4 of the Dungeon.
You were very hungry.

You visited 1 branch of the dungeon, and saw 5 of its levels.

You collected 143 gold pieces.
You spent 98 gold pieces at shops.

Inventory:

Hand Weapons
 a - a +0 quarterstaff (weapon)
Missiles
 u - a throwing net (quivered)
Armour
 b - a +0 scale mail (worn)
 j - a +0 ring mail
 x - a +0 cloak (worn)
Jewellery
 i - a ring of flight (right hand)
 s - a ring of resist corrosion (left hand)
Wands
 d - a wand of digging (14/24)
 p - a wand of teleportation (5/9)
Scrolls
 c - 2 scrolls of identify
 e - a scroll of teleportation
 o - a scroll of immolation
 w - a scroll of magic mapping {unknown}
 y - 2 scrolls of noise {unknown}
Potions
 g - 2 potions of heal wounds {unknown}
 h - 3 potions of curing
 k - 2 potions of cancellation {unknown}
 l - 2 potions of degeneration {unknown}
 m - a potion of mutation {unknown}
 n - a potion of lignification {unknown}
 q - a potion of haste {unknown}
 z - a potion of might
Comestibles
 f - 3 bread rations
 r - a meat ration
 t - 7 fruits


   Skills:
 - Level 2.0 Fighting
 * Level 8.4 Staves
 - Level 1.7 Throwing
 - Level 2.6 Dodging


You had 6 spell levels left.
You didn't know any spells.

Dungeon Overview and Level Annotations

Branches:
Dungeon (5/15)
 Temple: D:4-7

Altars:

Shops:
D:4 !

Annotations:
D:5 Prince Ribbit


Innate Abilities, Weirdness & Mutations

You have a pair of antennae on your head.
Your flesh is heat resistant. (rF+)
You are slightly more attuned to the shadows.
Your movements are less encumbered by armour. (ER -4)


Message History

You hit something but do no damage. You barely miss something.
Something hits you but does no damage.
You barely miss something. Something barely misses you.
You barely miss something. Something hits you but does no damage.
You closely miss something.
A sky beast appears from thin air!
Reactivating autopickup.
The sky beast hits you. The sky beast shocks you.
You closely miss the sky beast.
The sky beast is heavily wounded.
The sky beast flickers out of sight!
Deactivating autopickup; reactivate with Ctrl-A.
Something hits you. Something shocks you.
You miss something. Something hits you.
* * * LOW HITPOINT WARNING * * *
Something shocks you.
* * * LOW HITPOINT WARNING * * *
You sock something! Something hits you.
* * * LOW HITPOINT WARNING * * *
Something shocks you.
You die...

...........#....#....#...#....#
...........#....#....'...#....#
...........###'###..######....###
######...........#..#...........#
#...........#..#...........'
#...........#..'..)........#
#...........'..#...........#
######...........####...........#
.....##'##'##...@.......<########
.....#..+...#...{........'.....##
.....#..#...#............#.......
.....#..###'#............#.......
.....####........#########.....##
####.............'..#...##.....##
#.............#..#...##.....##
#.............#..#...#.......#
#...........>.#..#...'.......#


There were no monsters in sight!

Vanquished Creatures
  Grinder (D:3)
  Sigmund (D:3)
  An ogre (D:4)
  A hound (D:4)
  2 centaur skeletons
  A centaur zombie (D:5)
  An iguana (D:4)
  2 orc wizards
  A worker ant (D:4)
  Robin (D:3)
  4 gnolls
  4 adders
  An ooze (D:4)
  An adder skeleton (D:4)
  A worm (D:3)
  A dart slug (D:3)
  4 orcs
  2 ball pythons
  6 giant cockroaches
  15 goblins
  9 hobgoblins
  7 jackals
  4 kobolds
  3 quokkas
  6 bats
  3 frilled lizards (D:1)
  A quokka skeleton (D:4)
  4 rats
88 creatures vanquished.

Notes
Turn   | Place    | Note
-------+----------+-------------------------------------------
     0 | D:1      | XO4YCPATb the Demonspawn Gladiator began the quest for the Orb.
     0 | D:1      | Reached XP level 1. HP: 16/16 MP: 1/1
    66 | D:1      | Reached skill level 3 in Staves
   438 | D:1      | Gained mutation: Your movements are slightly less encumbered by armour. (ER -2) [demonic ancestry]
   438 | D:1      | Reached XP level 2. HP: 22/22 MP: 2/2
  1246 | D:2      | Found a faded altar of an unknown god.
  1312 | D:2      | Gained mutation: Your flesh is heat resistant. (rF+) [demonic ancestry]
  1312 | D:2      | Reached XP level 3. HP: 27/27 MP: 3/3
  1762 | D:3      | Reached skill level 4 in Staves
  1822 | D:3      | Gained mutation: You have a pair of small antennae on your head. [demonic ancestry]
  1822 | D:3      | Reached XP level 4. HP: 30/33 MP: 4/4
  1887 | D:2      | Reached skill level 5 in Staves
  2015 | D:3      | Gained mutation: You have a pair of antennae on your head. [demonic ancestry]
  2015 | D:3      | Reached XP level 5. HP: 11/38 MP: 5/5
  2354 | D:3      | Noticed Robin
  2401 | D:3      | Killed Robin
  2452 | D:3      | Noticed Grinder
  2611 | D:3      | Killed Grinder
  2611 | D:3      | Reached skill level 6 in Staves
  2611 | D:3      | Gained mutation: You are slightly more attuned to the shadows. [demonic ancestry]
  2611 | D:3      | Reached XP level 6. HP: 44/44 MP: 6/6
  2662 | D:3      | Noticed Sigmund
  2675 | D:3      | Killed Sigmund
  2675 | D:3      | Reached skill level 7 in Staves
  2675 | D:3      | Gained mutation: Your movements are less encumbered by armour. (ER -4) [demonic ancestry]
  2675 | D:3      | Reached XP level 7. HP: 48/50 MP: 7/7
  3589 | D:4      | Found Heequide's Distillery.
  3596 | D:4      | Bought a potion of curing for 42 gold pieces
  3596 | D:4      | Bought a potion of might for 56 gold pieces
  3852 | D:4      | Reached skill level 8 in Staves
  4078 | D:5      | Entered Level 5 of the Dungeon
  4152 | D:5      | Noticed Prince Ribbit
  4414 | D:4      | Slain by a sky beast

Skill      XL: |  1  2  3  4  5  6  7 |
---------------+----------------------+-----
Staves         | 3 4 5 6 7 8 |  8.4
Fighting       | |  2.0
Throwing       | |  1.7
Dodging        | |  2.6

Action                   |  1- 3 |  4- 6 |  7- 9 || total
-------------------------+-------+-------+-------++-------
Melee: Quarterstaff      |   113 |   106 |   106 ||   325
Throw: Throwing net      |       |     5 |       ||     5
  Use: Scroll            |     3 |       |       ||     3
       Potion            |       |     2 |       ||     2
 Stab: Held in net/web   |       |     1 |       ||     1
  Eat: Chunk             |     3 |     3 |     4 ||    10
Armor: Leather armour    |    12 |       |       ||    12
       Scale mail        |    41 |    43 |    31 ||   115
       Ring mail         |     5 |       |       ||     5
Dodge: Dodged            |    61 |    64 |    42 ||   167
